 Dungeon Crawl Stone Soup version 0.24-a0-189-g5d897e9104 (webtiles) character file.

Game seed: 15590376499250101042

1580223 iamserjio the Hoplite (level 27, 214/214 HPs)
             Began as an Octopode Wanderer on Mar 16, 2019.
             Was the Champion of Makhleb.
             Escaped with the Orb
             ... and 3 runes!
             The game lasted 02:53:07 (84062 turns).

iamserjio the Hoplite (Octopode Wanderer)          Turns: 84062, Time: 02:53:07

Health: 214/214    AC:  6    Str: 26    XL:     27
Magic:  38/38      EV: 41    Int: 12    God:    Makhleb [******]
Gold:   3791       SH: 35    Dex: 27    Spells: 14/48 levels left

rFire    + + .     SeeInvis +   t - +7 trishula (holy)
rCold    . . .     Gourm    .   p - +8 large shield
rNeg     . . .     Faith    .   z - +2 hat {SInv}
rPois    .         Spirit   +   j - amulet of guardian spirit
rElec    .         Reflect  .   y - +4 ring of evasion
rCorr    .         Harm     .   P - +2 ring of protection
MR       +++..                  D - ring "Tucoq" {rF+ Dex+3 Stlth+}
Stlth    ++........             Q - +4 ring of evasion
HPRegen  0.45/turn              E - ring of Ycrake {rF+ MR+ Dex+3}
MPRegen  0.26/turn              o - +1 ring of protection
                                Z - +5 ring of strength
                                V - +6 ring of dexterity

@: deflect missiles
A: almost no armour, stealthy swim, amphibious, 8 rings, constrict 8, tentacle
spike 1, camouflage 1, clumsy 1, deterioration 1, mutation resistance 1, wild
magic 1, gelatinous body 1, no potion heal 1
0: Orb of Zot
}: 3/15 runes: serpentine, barnacled, silver
a: Minor Destruction, Lesser Servant of Makhleb, Major Destruction, Greater
Servant of Makhleb, Renounce Religion


You escaped.
You worshipped Makhleb.
Makhleb was exalted by your worship.
You were not hungry.

You visited 10 branches of the dungeon, and saw 50 of its levels.
You visited the Abyss 1 time.
You also visited: Ice Cave.

You collected 7585 gold pieces.
You spent 3794 gold pieces at shops.

Inventory:

Hand Weapons
 m - the +5 demon trident of Guclooc {freeze, rElec Dex+4 Stlth+}
   (You acquired it on level 4 of the Lair of Beasts)

   It has been specially enchanted to freeze those struck by it, causing extra
   injury to most foes and up to half again as much damage against particularly
   susceptible opponents.
   It can also slow down cold-blooded creatures.
   It affects your dexterity (+4).
   It insulates you from electricity.
   It makes you more stealthy.
 t - a +7 trishula of holy wrath (weapon)
 I - a +9 demon trident of electrocution
Missiles
 T - 12 throwing nets (quivered) {!f}
Armour
 p - a +8 large shield (worn)
 z - a +2 hat of see invisible (worn)
Jewellery
 h - an uncursed ring of protection from cold
 i - an uncursed ring of poison resistance
 j - an amulet of guardian spirit (around mantle)
 o - a +1 ring of protection (on tentacle)
 s - the ring of Binnonum {+Fly rF+ rN+++ Str-4 Dex+8}
   (You took it off a vault guard on level 5 of the Vaults)

   [ring of flight]

   It affects your strength (-4).
   It affects your dexterity (+8).
   It protects you from fire.
   It renders you almost immune to negative energy.
   It lets you fly.
 y - a +4 ring of evasion (left tentacle)
 D - the ring "Tucoq" (on tentacle) {rF+ Dex+3 Stlth+}
   (You took it off a vault guard on level 5 of the Vaults)

   [ring of stealth]

   It affects your dexterity (+3).
   It protects you from fire.
   It makes you more stealthy.
 E - the ring of Ycrake (on tentacle) {rF+ MR+ Dex+3}
   (You bought it in a shop on level 3 of the Shoals)

   [ring of protection from magic]

   It affects your dexterity (+3).
   It protects you from fire.
   It affects your resistance to hostile enchantments.
 K - an uncursed ring of protection from magic
 P - a +2 ring of protection (right tentacle)
 Q - a +4 ring of evasion (on tentacle)
 S - the ring of Gaucog Meup {rF+ Int+4}
   (You took it off a merfolk javelineer on level 4 of the Shoals)

   [ring of protection from fire]

   It affects your intelligence (+4).
   It protects you from fire.
 U - an uncursed ring of wizardry
 V - a +6 ring of dexterity (on tentacle)
 Z - a +5 ring of strength (on tentacle)
Wands
 e - a wand of clouds (12)
 u - a wand of scattershot (4)
 C - a wand of enslavement (59)
 O - a wand of acid (10)
 Y - a wand of paralysis (27)
Scrolls
 a - 4 scrolls of summoning
 b - 7 scrolls of identify {@r1}
 c - a scroll of magic mapping
 d - 15 scrolls of teleportation {@r3}
 r - 5 scrolls of silence
 x - 4 scrolls of fear
 F - 13 scrolls of blinking
 M - 4 scrolls of fog
 R - 4 scrolls of holy word
Potions
 g - 15 potions of curing {@q1}
 k - 7 potions of agility
 l - 3 potions of cancellation
 n - 3 potions of invisibility
 q - 10 potions of brilliance
 v - 3 potions of resistance
 w - 3 potions of magic
 A - 3 potions of might
 B - 2 potions of ambrosia
 H - 3 potions of heal wounds
 J - 11 potions of haste
 N - 6 potions of mutation
Miscellaneous
 G - a lamp of fire
 L - a phial of floods
 W - 2 boxes of beasts
Comestibles
 f - 37 rations


   Skills:
 - Level 24.0 Fighting
   Level 2.0 Maces & Flails
 + Level 19.2 Polearms
 - Level 18.0 Dodging
 - Level 2.6 Stealth
 + Level 24.5 Shields
 - Level 11.1 Spellcasting
   Level 1.0 Conjurations
 - Level 2.0 Hexes
 - Level 10.0 Charms
 - Level 5.2 Summonings
 - Level 5.0 Necromancy
 - Level 3.0 Translocations
 - Level 4.0 Transmutations
 - Level 7.0 Air Magic
 - Level 4.0 Earth Magic
 - Level 4.0 Invocations
 * Level 16.6 Evocations


You had 14 spell levels left.
You knew the following spells:

 Your Spells              Type           Power        Failure   Level  Hunger
a - Blink                 Tloc           N/A          8%          2    None
b - Animate Dead          Necr           N/A          21%         4    ###....
c - Aura of Abjuration    Summ           ###.......   43%         5    #####..
d - Summon Butterflies    Summ           ###.....     2%          1    None
e - Swiftness             Chrm/Air       #####...     1%          2    None
f - Confusing Touch       Hex            ###...       8%          1    None
g - Regeneration          Chrm/Necr      ####......   3%          3    #......
h - Silence               Hex/Air        ###.......   52%         5    #####..
i - Deflect Missiles      Chrm/Air       #####.....   54%         6    ######.
j - Ozocubu's Armour      Chrm/Ice       ###.....     7%          3    #......
k - Passwall              Tmut/Erth      ###.....     5%          2    None

Your spell library contained the following spells:

 Spells                   Type           Power        Failure   Level  Hunger
 Infusion                 Chrm           ####         1%          1    None
 Song of Slaying          Chrm           #####...     1%          2    None
 Animate Skeleton         Necr           N/A          2%          1    None
 Pain                     Necr           ###.         2%          1    None
 Summon Small Mammal      Summ           ###.         2%          1    None
 Shroud of Golubria       Chrm/Tloc      ####......   2%          2    None
 Beastly Appendage        Tmut           ###...       3%          1    None
 Sandblast                Erth           ###...       3%          1    None
 Call Imp                 Summ           ###.....     3%          2    None
 Shock                    Conj/Air       ###.         4%          1    None
 Spectral Weapon          Hex/Chrm       ####....     4%          3    #......
 Sticks to Snakes         Tmut           ###.....     5%          2    None
 Call Canine Familiar     Summ           ###.....     6%          3    #......
 Poisonous Vapours        Pois/Air       ###...       7%          2    None
 Vampiric Draining        Necr           ###.......   7%          3    #......
 Corona                   Hex            ###....      8%          1    None
 Recall                   Summ/Tloc      N/A          10%         3    #......
 Static Discharge         Conj/Air       ###.....     10%         3    #......
 Airstrike                Air            ####......   10%         4    ###....
 Magic Dart               Conj           ##..         12%         1    None
 Slow                     Hex            ###.....     12%         2    None
 Summon Guardian Golem    Hex/Summ       ###.....     12%         3    #......
 Flame Tongue             Conj/Fire      ##...        13%         1    None
 Summon Lightning Spire   Summ/Air       ####....     13%         4    ###....
 Gell's Gravitas          Tloc           ###.......   14%         3    #......
 Lesser Beckoning         Tloc           ###.......   14%         3    #......
 Teleport Other           Tloc           ###.....     14%         3    #......
 Freeze                   Ice            #...         16%         1    None
 Ensorcelled Hibernation  Hex/Ice        ##....       16%         2    None
 Searing Ray              Conj           ##....       16%         2    None
 Mephitic Cloud           Conj/Pois/Air  ###.....     16%         3    #......
 Portal Projectile        Hex/Tloc       ###...       17%         3    #......
 Stone Arrow              Conj/Erth      ###...       17%         3    #......
 Throw Flame              Conj/Fire      ##....       21%         2    None
 Throw Frost              Conj/Ice       ##....       21%         2    None
 Confuse                  Hex            ###.....     21%         3    #......
 Spider Form              Tmut/Pois      ###.......   21%         3    #......
 Tukima's Dance           Hex            ###.....     21%         3    #......
 Dazzling Spray           Conj/Hex       ##....       26%         3    #......
 Petrify                  Tmut/Erth      ###.....     28%         4    ###....
 Inner Flame              Hex/Fire       ##......     30%         3    #......
 Conjure Flame            Conj/Fire      ##......     34%         3    #......
 Leda's Liquefaction      Hex/Erth       ###.......   38%         4    ###....
 Iskenderun's Battlesphe  Conj/Chrm      ####....     41%         5    #####..
 Summon Demon             Summ           ###.......   43%         5    #####..
 Summon Ice Beast         Ice/Summ       ###.....     45%         4    ###....
 Cause Fear               Hex            ###.......   52%         4    ###....
 Force Lance              Conj/Tloc      ###.....     52%         4    ###....
 Ice Form                 Ice/Tmut       ###.....     52%         4    ###....
 Borgnjor's Vile Clutch   Necr/Erth      ###.......   52%         5    #####..
 Blade Hands              Tmut           ###.......   58%         5    #####..
 Lee's Rapid Deconstruct  Erth           ###.......   58%         5    #####..
 Summon Forest            Summ/Tloc      ###.......   58%         5    #####..
 Fulminant Prism          Conj/Hex       ##........   61%         4    ###....
 Lightning Bolt           Conj/Air       ###.......   61%         5    #####..
 Summon Mana Viper        Hex/Summ       ###.....     65%         5    #####..
 Iskenderun's Mystic Bla  Conj           ##......     67%         4    ###....
 Sticky Flame             Conj/Fire      ##......     73%         4    ###....
 Throw Icicle             Conj/Ice       ##......     73%         4    ###....
 Yara's Violent Unravell  Hex/Tmut       ###.......   73%         5    #####..
 Bolt of Magma            Conj/Fire/Erth ##........   88%         5    #####..
 Shadow Creatures         Summ           N/A          93%         6    ######.
 Metabolic Englaciation   Hex/Ice        ##........   94%         5    #####..
 Fireball                 Conj/Fire      ##........   96%         5    #####..
 Venom Bolt               Conj/Pois      ##........   96%         5    #####..
 Conjure Ball Lightning   Conj/Air       ###.......   98%         6    ######.
 Bolt of Cold             Conj/Ice       ##........   100%        6    ######.
 Bolt of Fire             Conj/Fire      ##........   100%        6    ######.
 Darkness                 Hex            ###.......   100%        6    ######.
 Freezing Cloud           Conj/Ice/Air   ###.......   100%        6    ######.
 Iron Shot                Conj/Erth      ###.......   100%        6    ######.
 Ozocubu's Refrigeration  Ice            #.........   100%        6    ######.
 Simulacrum               Ice/Necr       ###.......   100%        6    ######.
 Dragon Form              Tmut           ###.......   100%        7    #######
 Haunt                    Necr/Summ      ###.......   100%        7    #######
 Orb of Destruction       Conj           ##........   100%        7    #######
 Ring of Flames           Chrm/Fire      ###.......   100%        7    #######
 Spellforged Servitor     Conj/Summ      ###.......   100%        7    #######
 Summon Hydra             Summ           ###.......   100%        7    #######
 Borgnjor's Revivificati  Necr           ###.......   100%        8    #######
 Death's Door             Chrm/Necr      ####......   100%        8    #######
 Discord                  Hex            ###.......   100%        8    #######
 Infestation              Necr           ###.......   100%        8    #######
 Necromutation            Tmut/Necr      ###.......   100%        8    #######
 Dragon's Call            Summ           ###.......   100%        9    #######
 Tornado                  Air            ####......   100%        9    #######
 Passage of Golubria      Tloc           Unusable     N/A         4    N/A

Dungeon Overview and Level Annotations

Branches:
Dungeon (15/15)            Temple (1/1) D:6            Lair (6/6) D:9
 Shoals (4/4) Lair:2        Snake (4/4) Lair:2        Slime (0/5) Lair:6
    Orc (2/2) D:9             Elf (3/3) Orc:2        Vaults (5/5) D:13
  Crypt (0/3) Vaults:3     Depths (5/5) D:15            Zot (5/5) Depths:5

Altars:
Ashenzari
Cheibriados
Dithmenos
Elyvilon
Fedhas
Gozag
Hepliaklqana
Kikubaaqudgha
Makhleb
Nemelex Xobeh
Okawaru
Qazlal
Ru
Sif Muna
Trog
Uskayaw
Vehumet
Wu Jian
Xom
Yredelemnul
Zin
The Shining One
Beogh
Jiyva

Shops:
D:6 :   D:8 :   Orc:2 (!*[   Elf:2 [   Shoals:1 (   Shoals:3 =[   Shoals:4 *
Vaults:2 [   Depths:1 *   Depths:2 [

Portals:
Hell: Depths:1 Depths:2 Depths:3 Depths:4 Depths:5
Abyss: Depths:2 Depths:4
Pandemonium: Depths:1 Depths:3 Depths:4
Ziggurat: Depths:5
Trove: Vaults:2 (give horn of Geryon)

Annotations:
Shoals:1 1 runed translucent door, Morbidden's ghost, adept DrFi
Elf:2 3 runed translucent doors, exclusion: Roxanne, Roxanne
Depths:1 3 runed translucent doors, Roikka's ghost, adept KoHu
Zot:2 1 exclusion
Zot:4 1 exclusion


Innate Abilities, Weirdness & Mutations

You cannot wear most types of armour.
You are very stealthy in the water. (Stealth+)
You are amphibious.
You can wear up to eight rings at the same time.
You can use your tentacles to constrict eight enemies at once.
Your skin changes colour to match your surroundings (Stealth+).
Your rubbery body absorbs attacks. (AC +1, EV +1)
One of your tentacles bears a spike.
You are clumsy. (Dex -2)
Your body sometimes deteriorates upon taking damage.
You are somewhat resistant to further mutation.
Your spells are a little harder to cast, but a little more powerful.
Potions are less effective at restoring your health.


Message History

Things that are here:
a +0 club; a goblin skeleton A sixfirhy comes into view.
Attack whom?
Aim: a sixfirhy You reach to attack!
You barely miss the sixfirhy. The sixfirhy completely misses you.
You block the sixfirhy's attack.
You impale the sixfirhy!!
The sixfirhy convulses!!
You kill the sixfirhy!
Makhleb accepts your kill.
No target in view!
No target in view!
Aiming: Dig A rock wall.
This square is covered in magical glow.
The rock shatters into small pieces.
The now-empty wand crumbles to dust.
There is an open door here.
A Brimstone Fiend comes into view.
There is a staircase leading out of the dungeon here.
You have escaped!

#.'.........###.........'.
###..####.### ###.####..##
#.#.###.# #.###.#.#
#.##.#.## ##.#.##.#
#.###.## ##.###.#
#.##.#.## ##.#.##.#
#.#.###.# #.###.#.#
###..####.### ###.####..##
#.'......@..###.........'.
#.##.####.##.#1##.####.##.
#.###.###.###.###.###.###.
#.# ##.##.##.#.##.##.## #.
#.#####.#.#.###.#.#.#####.
#.#..###...#####...###.##.
#....# ##.........## #....
#######..# #'#######'#
#.##. #........####.#
#.####.##.


There were no monsters in sight!

Vanquished Creatures
  10 orbs of fire
  Mennas (Depths:4)
  7 ancient liches
  A juggernaut (Depths:4)
  Bai Suzhen (Elf:3)
  4 Killer Klowns
  Xtahua (Depths:5)
  Frederick (Depths:4)
  2 curse toes
  A caustic shrike (Depths:4)
  8 golden dragons
  The ghost of iamserjio the Warrior, a veteran OpCK of Makhleb (Depths:2)
  Nikola (Depths:2)
  2 bone dragons (Depths:5)
  2 electric golems (Zot:5)
  A Hell Sentinel (D:4)
  2 liches
  11 tentacled monstrosities
  6 quicksilver dragons
  Asterion (Depths:2)
  23 Orb Guardians
  A deep elf master archer (Elf:3)
  3 titans
  5 death cobs
  3 sphinxes
  A kraken (Shoals:3)
  An Executioner (Zot:4)
  Gastronok (D:9)
  A tentacled starspawn (Abyss:3)
  Polyphemus (Shoals:2)
  Agnes (D:15)
  7 draconian monks
  14 storm dragons
  3 tengu reavers
  15 shadow dragons
  5 nagarajas
  Ilsuiw (Shoals:2)
  A ghost moth (Zot:4)
  23 vault wardens
  7 frost giants
  7 fire giants
  An orc warlord (Vaults:3)
  3 iron dragons
  2 draconian knights
  6 deep elf sorcerers
  4 draconian shifters
  Louise (Depths:2)
  Aizul (Snake:4)
  A cacodemon (Depths:3)
  7 deep elf elementalists
  An angel (Zot:4)
  5 draconian scorchers
  A balrug (Depths:3)
  3 draconian stormcallers
  5 spriggan defenders
  6 draconian annihilators
  21 stone giants
  17 ironheart preservers
  16 very ugly things
  2 war gargoyles
  A juggernaut zombie (Depths:2)
  An entropy weaver (Vaults:4)
  11 green draconians
  2 vampire knights
  12 deep elf demonologists
  10 white draconians
  12 black draconians
  6 spark wasps
  A dire elephant (D:14)
  8 deep elf annihilators
  13 red draconians
  9 yellow draconians
  7 purple draconians
  7 merfolk impalers
  10 ettins
  4 merfolk javelineers
  5 deep elf death magi
  A green death (Depths:4)
  10 fire dragons
  7 deep elf high priests
  24 yaktaur captains
  6 death oozes (Depths:2)
  10 great orbs of eyes
  An ice dragon (shapeshifter) (Depths:4)
  14 anacondas
  39 vault guards
  7 naga warriors
  7 hydras
  3 rakshasas
  An alligator snapping turtle (shapeshifter) (Depths:5)
  8 ice dragons
  Erica (D:9)
  2 spriggan air magi
  4 merfolk avatars
  8 centaur warriors
  2 hell beasts
  5 catoblepae
  47 two-headed ogres
  10 satyrs
  3 death knights
  9 deep troll shamans
  2 death yaks (Shoals:2)
  17 ogre magi
  A two-headed ogre (shapeshifter) (Vaults:5)
  4 merfolk aquamancers (Shoals:4)
  An alligator snapping turtle (Shoals:4)
  6 deep troll earth magi
  7 shock serpents
  A vampire mage (Depths:2)
  13 dancing weapons
  2 spriggan berserkers (Depths:5)
  8 tengu warriors
  9 naga sharpshooters
  An orc high priest (Vaults:3)
  3 soul eaters
  7 small abominations
  Sonja (Lair:4)
  4 thrashing horrors (Abyss:3)
  11 deep elf knights
  3 sun demons (Depths:3)
  4 sixfirhies
  11 hell knights
  6 salamander mystics
  12 sea snakes
  4 skeletal warriors (Vaults:1)
  A shadow wraith (Vaults:4)
  8 wizards
  34 deep trolls
  8 glowing orange brains
  4 flayed ghosts
  A shadow demon (Depths:1)
  3 unseen horrors
  12 large abominations
  12 ironbrand convokers
  A torturous demonspawn (Depths:4)
  A harpy (shapeshifter) (Vaults:1)
  An obsidian statue (Depths:3)
  16 orc knights
  The ghost of haldagan the Slicer, a novice KoHu of Okawaru (D:6)
  19 deep elf archers
  11 naga ritualists
  6 lindwurms
  22 harpies
  2 phantasmal warriors (Vaults:5)
  2 wolf spider zombies
  A sphinx zombie (Vaults:5)
  28 fauns
  36 ugly things
  3 orc sorcerers
  5 necromancers
  9 mana vipers
  An oklob plant (Snake:1)
  6 wolf spiders
  5 salamanders
  62 deep elf magi
  14 manticores
  A rust devil (Depths:4)
  12 cyclopes
  7 guardian serpents
  19 moths of wrath
  10 vault sentinels
  An ice statue (IceCv)
  Joseph (D:7)
  A black mamba (shapeshifter) (Vaults:4)
  18 merfolk sirens
  A guardian serpent (shapeshifter) (Depths:3)
  2 water nymphs
  A fire giant skeleton (Vaults:5)
  An orange demon (Depths:3)
  15 naga magi
  44 black mambas
  A water nymph (shapeshifter) (Depths:3)
  5 spectral swamp worms (Depths:5)
  2 smoke demons (Abyss:3)
  2 gargoyles
  A spiny frog (shapeshifter) (Depths:5)
  An elf zombie (Depths:2)
  5 freezing wraiths
  7 spiny frogs
  A torpor snail (Lair:4)
  74 yaktaurs
  An efreet (Zot:1)
  6 komodo dragons
  3 red devils
  An ancient zyme (Abyss:3)
  An ice devil (Depths:1)
  A yaktaur skeleton (Vaults:5)
  A meliai (shapeshifter) (Vaults:3)
  36 merfolk
  A hellwing (Depths:3)
  2 tengu conjurers (D:15)
  A queen bee (shapeshifter) (Depths:1)
  A wind drake (shapeshifter) (Depths:1)
  14 trolls
  A polar bear (Lair:2)
  A tyrant leech (shapeshifter) (Vaults:5)
  2 wind drakes
  13 hornets
  An ettin zombie (Vaults:5)
  12 snapping turtles
  11 dream sheep
  18 blink frogs
  A hornet (shapeshifter) (Vaults:3)
  57 slime creatures
  11 hippogriffs
  A frost giant simulacrum (Vaults:3)
  A hippogriff (shapeshifter) (Depths:2)
  4 air elementals
  A spriggan skeleton (Depths:2)
  2 ynoxinuls
  5 spriggans
  3 wyverns (D:14)
  43 yaks
  23 water elementals
  2 humans (D:10)
  24 fire elementals
  2 vampire mosquitoes (D:15)
  3 wraiths
  A hog (shapeshifter) (Vaults:1)
  An elf skeleton (Depths:2)
  6 chaos spawn
  5 hungry ghosts
  A neqoxec (Depths:4)
  A soldier ant (shapeshifter) (Depths:5)
  19 nagas
  A deep troll zombie (Vaults:5)
  5 wargs
  An acid dragon (D:12)
  3 soldier ants
  4 porcupines
  3 water moccasins (shapeshifter)
  A floating eye (Depths:2)
  11 water moccasins
  4 hell hounds (D:10)
  6 sky beasts
  A floating eye (shapeshifter) (Depths:4)
  A black bear (D:6)
  2 eyes of draining
  6 ice beasts
  37 orc warriors
  5 phantoms
  4 starcursed masses (Abyss:3)
  56 ogres
  2 necrophages
  An ogre (shapeshifter) (Vaults:1)
  11 wolves
  11 centaurs
  10 boggarts
  9 crocodiles
  3 big kobolds
  16 bullfrogs
  2 human skeletons (Vaults:5)
  A gnoll sergeant (D:6)
  A water moccasin zombie (D:11)
  A wyvern skeleton (D:14)
  7 scorpions
  7 killer bees
  12 wights
  A howler monkey (shapeshifter) (Depths:2)
  3 bullfrog zombies
  8 howler monkeys
  4 centaur zombies
  7 crimson imps
  A quasit (Depths:3)
  An iron imp (Abyss:3)
  Crazy Yiuf (D:2)
  A bullfrog skeleton (D:9)
  6 hounds
  A gnoll shaman (D:5)
  15 jellies
  5 centaur skeletons
  21 orc priests
  3 iguanas
  23 orc wizards
  7 worker ants
  A hound zombie (D:8)
  3 human simulacra
  4 hound skeletons
  Robin (D:2)
  A howler monkey skeleton (D:8)
  11 adders
  12 gnolls
  4 shadow imps
  14 white imps
  An ufetubus (Depths:3)
  3 oozes
  An adder zombie (D:6)
  2 adder skeletons
  A worm (D:2)
  A dart slug (D:5)
  6 leopard geckos
  97 orcs
  8 giant cockroaches
  6 hobgoblins
  9 jackals
  23 kobolds
  6 quokkas
  A ball python (D:2)
  7 bats
  6 frilled lizards
  12 goblins
  2 jackal skeletons
  A leopard gecko skeleton (D:5)
  2 leopard gecko zombies (D:6)
  A quokka skeleton (D:6)
  3 rats
  3 crawling corpses (Vaults:1)
  A starspawn tentacle (Abyss:3)
  4 tentacles (Shoals:3)
2301 creatures vanquished.

Vanquished Creatures (collateral kills)
  4 Orb Guardians (Zot:5)
  The ghost of Varphubi the Bludgeoner, an adept MiBe of Trog (Shoals:3)
  2 deep elf blademasters (Elf:3)
  A shadow dragon (Zot:5)
  A nagaraja (Snake:4)
  Erolcha (D:11)
  6 death yaks
  A phantasmal warrior (Vaults:5)
  A manticore (Lair:6)
  A spiny frog (Lair:4)
  2 yaktaurs (D:15)
  A merfolk (Shoals:4)
  A hornet (Lair:2)
  2 blink frogs (Lair:6)
  A snapping turtle (Shoals:4)
  3 yaks (Lair:6)
  A large abomination (Abyss:3)
  A porcupine (Lair:4)
  3 ice beasts (IceCv)
  An orc warrior (D:7)
  An ogre (Orc:2)
  An orc priest (D:7)
  A worker ant (D:13)
  5 orcs (D:7)
43 creatures vanquished.

Vanquished Creatures (others)
  An ogre mage (Vaults:3)
  A naga mage (Snake:4)
  A slime creature (Vaults:1)
  An adder (D:12)
  A dart slug (D:3)
  A fungus (Lair:6)
  69 plants
  A starspawn tentacle (Abyss:3)
  8 tentacles (Shoals:3)
84 creatures vanquished.

Grand Total: 2428 creatures vanquished

Notes
Turn   | Place    | Note
-------+----------+-------------------------------------------
     0 | D:1      | iamserjio the Octopode Wanderer began the quest for the
                  | Orb.
     0 | D:1      | iamserjio set off with the following items: a +0 shortbow,
                  | 20 arrows, a scroll of teleportation {@r3}, a +0 dagger, a
                  | ration; and the following spells available to memorise:
                  | Blink, Shroud of Golubria, Gell's Gravitas, Lesser
                  | Beckoning, Teleport Other, Passage of Golubria
     0 | D:1      | Reached XP level 1. HP: 13/13 MP: 3/3
   127 | D:1      | Reached XP level 2. HP: 19/19 MP: 5/5
   576 | D:1      | Reached skill level 1 in Dodging
   993 | D:1      | Reached XP level 3. HP: 23/25 MP: 6/6
  1791 | D:2      | Noticed Robin
  2123 | D:2      | Killed Robin
  2123 | D:2      | Reached XP level 4. HP: 28/31 MP: 7/7
  2696 | D:2      | Found a runed translucent door.
  2697 | D:2      | Noticed Crazy Yiuf
  2907 | D:2      | Killed Crazy Yiuf
  3394 | D:3      | Reached XP level 5. HP: 37/37 MP: 8/8
  3795 | D:3      | Learned a level 2 spell: Blink
  3798 | D:3      | Learned a level 2 spell: Shroud of Golubria
  3995 | D:3      | Reached skill level 1 in Shields
  4321 | D:4      | Noticed a phantom
  4322 | D:4      | Reached XP level 6. HP: 32/44 MP: 9/9
  4975 | D:4      | Reached skill level 5 in Fighting
  5027 | D:4      | Noticed a phantom
  5049 | D:4      | Killed a phantom
  5326 | D:4      | Killed a phantom
  5326 | D:4      | Reached XP level 7. HP: 34/51 MP: 10/10
  5430 | D:4      | Found a sacrificial altar of Ru.
  5493 | D:4      | Became a worshipper of Ru the Awakened
  5670 | D:5      | Entered Level 5 of the Dungeon
  6003 | D:5      | Found a shattered altar of Ashenzari.
  6185 | D:5      | Reached XP level 8. HP: 22/60 MP: 11/11
  6759 | D:6      | Found a staircase to the Ecumenical Temple.
  6896 | Temple   | Entered the Ecumenical Temple
  7171 | Temple   | Fell from the grace of Ru
  7171 | Temple   | Became a worshipper of Makhleb the Destroyer
  7243 | D:6      | Reached skill level 5 in Shields
  7686 | D:6      | Reached XP level 9. HP: 44/65 MP: 12/12
  7791 | D:6      | Found Hopemp's Book Shoppe.
  8612 | D:7      | Learned a level 4 spell: Summon Lightning Spire
  8616 | D:7      | Learned a level 3 spell: Call Canine Familiar
  8639 | D:7      | Reached skill level 1 in Summonings
  8639 | D:7      | Reached skill level 1 in Air Magic
  9078 | D:7      | Noticed Joseph
  9500 | D:7      | Reached * piety under Makhleb
  9638 | D:7      | Killed Joseph
 10523 | D:7      | Reached XP level 10. HP: 53/73 MP: 14/14
 10700 | D:7      | Found a runed translucent gate.
 10700 | D:7      | Noticed haldagan's ghost (novice KoHu)
 10700 | D:7      | Identified the +5 halberd of Callousness {protect, rElec
                  | rPois Str+3}
 10700 | D:7      | Identified the +8 plate armour "Joir Cisch" {Int+3}
 10701 | D:7      | Found a runed translucent gate.
 10702 | D:7      | Found a runed translucent gate.
 10708 | D:7      | Found a roughly hewn altar of Beogh.
 11536 | D:7      | Reached skill level 5 in Dodging
 11841 | D:8      | Found Timade's Book Shop.
 11918 | D:8      | Reached skill level 1 in Polearms
 12246 | D:8      | Reached ** piety under Makhleb
 12394 | D:9      | Found a staircase to the Lair.
 12844 | D:8      | Reached skill level 5 in Polearms
 13160 | D:9      | Found a white marble altar of Elyvilon.
 13410 | D:9      | Noticed a two-headed ogre
 13415 | D:9      | Killed a two-headed ogre
 13532 | D:9      | Reached XP level 11. HP: 79/79 MP: 15/15
 13541 | D:9      | Noticed Erica
 13959 | D:9      | Noticed Gastronok
 14358 | D:8      | Reached *** piety under Makhleb
 14418 | D:9      | Found a staircase to the Orcish Mines.
 15026 | D:7      | Found a roughly hewn altar of Beogh.
 15510 | D:10     | Entered Level 10 of the Dungeon
 16244 | D:10     | Found an iron altar of Okawaru.
 16642 | D:11     | Noticed Erolcha
 16715 | D:11     | Noticed a red ugly thing
 16727 | D:11     | Killed a red ugly thing
 16903 | D:11     | Reached **** piety under Makhleb
 16977 | D:11     | Identified the +3 quarterstaff "Tyxketuxi" {flame, rC- rN+
                  | Str+2 Int+7}
 17477 | Lair:1   | Entered Level 1 of the Lair of Beasts
 17537 | Lair:1   | Reached skill level 1 in Invocations
 17848 | Lair:1   | Reached skill level 1 in Evocations
 18653 | Lair:2   | Reached XP level 12. HP: 60/86 MP: 16/16
 18735 | Lair:2   | Found a frozen archway.
 18743 | Lair:2   | Reached ***** piety under Makhleb
 18752 | IceCv    | Entered an ice cave
 18760 | IceCv    | Found a transporter.
 18977 | IceCv    | Found a transporter.
 18988 | IceCv    | Reached skill level 10 in Dodging
 19353 | Lair:2   | Found a staircase to the Snake Pit.
 19600 | Lair:2   | Found a staircase to the Shoals.
 19778 | Lair:2   | Paralysed by a hornet for 3 turns
 20552 | Lair:2   | Noticed an eight-headed hydra
 20996 | Lair:2   | Reached skill level 10 in Polearms
 20996 | Lair:2   | Reached skill level 5 in Evocations
 21333 | Lair:3   | You fall through a shaft for 3 floors!
 21333 | Lair:6   | Entered Level 6 of the Lair of Beasts
 21334 | Lair:6   | Noticed a death yak
 21613 | Lair:6   | Noticed an eight-headed hydra
 21739 | Lair:6   | Noticed a death yak
 21755 | Lair:6   | Killed a death yak
 21950 | Lair:6   | Reached XP level 13. HP: 90/90 MP: 17/17
 23085 | Lair:4   | Noticed Sonja
 23247 | Lair:4   | Killed Sonja
 23431 | Lair:4   | Found a runed translucent door.
 24433 | Lair:3   | Found the +2 ratskin cloak {+Rats rPois rN+ Str-1 Int-1
                  | Dex+1}
 25808 | Lair:6   | Found a staircase to the Slime Pits.
 26176 | Lair:6   | Reached skill level 10 in Fighting
 28213 | Lair:6   | Got an encrusted shortbow
 28291 | Lair:6   | Reached XP level 14. HP: 30/101 MP: 18/18
 28864 | D:6      | Found a staircase to the Ecumenical Temple.
 28874 | D:6      | Killed haldagan's ghost
 28967 | D:9      | Killed Gastronok
 29097 | D:9      | Killed Erica
 30073 | D:12     | Identified 4 scrolls of acquirement
 30808 | D:12     | Got a pitted trident
 30809 | D:12     | Identified the +7 trident of Fafystef {protect, +Blink MR-
                  | Int+6} (You acquired it on level 12 of the Dungeon)
 31663 | D:13     | Found a glowing golden altar of the Shining One.
 31820 | D:13     | Found a gate to the Vaults.
 31862 | D:13     | Reached skill level 10 in Shields
 32760 | D:14     | Reached XP level 15. HP: 108/108 MP: 19/19
 32764 | D:14     | Got a pitted quarterstaff
 33301 | D:15     | Entered Level 15 of the Dungeon
 33410 | D:15     | Noticed Agnes
 33906 | D:15     | Found a staircase to the Depths.
 34001 | D:15     | Killed Agnes
 35965 | Lair:4   | Got an ancient demon trident
 35966 | Lair:4   | Identified the +5 demon trident of Guclooc {freeze, rElec
                  | Dex+4 Stlth+} (You acquired it on level 4 of the Lair of
                  | Beasts)
 36156 | Orc:1    | Entered Level 1 of the Orcish Mines
 36569 | Orc:2    | Entered Level 2 of the Orcish Mines
 36569 | Orc:2    | Found Qozyhai's Distillery.
 36569 | Orc:2    | Found Hoipsuju's Antique Weapon Shoppe.
 36948 | Orc:2    | Reached skill level 15 in Shields
 37025 | Orc:2    | Found Jedischa's General Store.
 37034 | Orc:2    | Found Ylobruad's Antique Armour Emporium.
 37038 | Orc:2    | Bought a scroll of identify for 26 gold pieces
 37038 | Orc:2    | Bought a potion of magic for 104 gold pieces
 37169 | Orc:2    | Found a staircase to the Elven Halls.
 37184 | Orc:2    | Reached XP level 16. HP: 114/114 MP: 20/20
 37535 | Orc:2    | Bought a potion of agility for 44 gold pieces
 37535 | Orc:2    | Bought a potion of haste for 110 gold pieces
 37535 | Orc:2    | Bought a potion of might for 44 gold pieces
 37535 | Orc:2    | Bought a potion of invisibility for 88 gold pieces
 37535 | Orc:2    | Bought a potion of curing for 33 gold pieces
 37756 | D:11     | Killed Erolcha
 37966 | Elf:1    | Entered Level 1 of the Elven Halls
 38026 | Elf:1    | Found a radiant altar of Vehumet.
 38363 | Elf:1    | Got a bloodstained morningstar
 38864 | Elf:1    | Reached ****** piety under Makhleb
 38900 | Elf:1    | Identified the Reference Book on Summoning
 39359 | Elf:2    | Found Evaatunaff's Armour Emporium.
 39477 | Elf:2    | Noticed Roxanne
 39641 | Elf:2    | Found a runed translucent gate.
 39641 | Elf:2    | Found a runed translucent gate.
 39641 | Elf:2    | Found a runed translucent gate.
 39674 | Elf:2    | Learned a level 2 spell: Passwall
 39981 | Elf:3    | Entered Level 3 of the Elven Halls
 40515 | Elf:3    | Identified the +5 morningstar of Contention {elec, rPois
                  | Str-5 Dex+7 Stlth-} (You found it on level 1 of the Elven
                  | Halls)
 40596 | Elf:3    | Noticed Bai Suzhen
 40636 | Elf:3    | Killed Bai Suzhen
 40645 | Elf:3    | Reached XP level 17. HP: 94/125 MP: 10/21
 40972 | Elf:3    | Got a brightly glowing bronze amulet
 41235 | Shoals:1 | Entered Level 1 of the Shoals
 41483 | Shoals:1 | Identified the amulet of the Meadowlark {*Slow Regen+ Str+5
                  | Dex+2} (You acquired it on level 3 of the Elven Halls)
 41640 | Shoals:1 | Found a runed translucent door.
 41641 | Shoals:1 | Found a shimmering altar of Xom.
 41641 | Shoals:1 | Noticed Morbidden's ghost (adept DrFi)
 41705 | Shoals:1 | Found an ornate altar of the Wu Jian Council.
 41732 | Shoals:1 | Identified the +8 morningstar "Vapso" {chaos, +Inv Str+3
                  | Dex+7}
 41910 | Shoals:1 | Found Qujisty's Weapon Shop.
 42887 | Shoals:2 | Reached skill level 15 in Fighting
 42988 | Shoals:2 | Found a transporter.
 42992 | Shoals:2 | Noticed Polyphemus
 42992 | Shoals:2 | Noticed Ilsuiw
 43011 | Shoals:2 | Got a scorched mace
 43048 | Shoals:2 | Identified the +6 mace of Cheibriados's Hatred {crush, rF+}
                  | (You found it on level 2 of the Shoals)
 43095 | Shoals:2 | Found a transporter.
 43838 | Shoals:2 | Killed Polyphemus
 44250 | Shoals:3 | Found Xiaho's Armour Boutique.
 44477 | Shoals:3 | Found Tapinofi's Jewellery Emporium.
 44503 | Shoals:3 | Bought a +5 ring of strength for 412 gold pieces
 44503 | Shoals:3 | Bought the ring of Ycrake {rF+ MR+ Dex+3} for 453 gold
                  | pieces
 44506 | Shoals:3 | Bought an uncursed ring of protection from fire for 250
                  | gold pieces
 45005 | Shoals:3 | Found a runed translucent door.
 45019 | Shoals:3 | Noticed a kraken
 45374 | Shoals:3 | Killed a kraken
 45374 | Shoals:3 | Reached XP level 18. HP: 131/135 MP: 19/22
 45539 | Shoals:3 | Noticed Varphubi's ghost (adept MiBe)
 45674 | Shoals:3 | Killed Varphubi's ghost
 45900 | Shoals:4 | Entered Level 4 of the Shoals
 45900 | Shoals:4 | Found Icsim's Assorted Antiques.
 46803 | Shoals:4 | Identified the ring of Gaucog Meup {rF+ Int+4}
 47704 | Shoals:4 | Got a barnacled rune of Zot
 48260 | Shoals:2 | Killed Ilsuiw
 48884 | Shoals:2 | Got a shimmering hand crossbow
 48895 | Shoals:2 | Identified the +11 hand crossbow of the Crawling Thing
                  | {venom, Stlth+} (You found it on level 2 of the Shoals)
 49372 | Elf:3    | Noticed a deep elf blademaster
 49386 | Elf:3    | Killed a deep elf blademaster
 49585 | Elf:3    | Reached XP level 19. HP: 146/146 MP: 23/23
 49604 | Elf:3    | Cast into level 2 of the Abyss (a deep elf sorcerer)
 49640 | Abyss:3  | Found a corrupted altar of Lugonu.
 49980 | Elf:3    | Escaped the Abyss
 49981 | Elf:3    | Noticed an Ice Fiend
 50760 | Elf:3    | Noticed a Brimstone Fiend
 50903 | Elf:3    | Identified the cursed +0 flail of Acwidoda {crush, rElec
                  | MR+++ Dex-5}
 50920 | Elf:3    | Identified the +9 long sword "Bucal" {slice, +Blink rC+
                  | MR++ Str-2}
 51489 | Elf:3    | Identified Myshrecarch's Grimoire of Evil Summoning
 51503 | Elf:3    | Identified the +3 hand crossbow of the Thirteen People
                  | {venom, +Inv rN++ Int+8 Dex-5} (You found it on level 3 of
                  | the Elven Halls)
 52397 | Snake:1  | Entered Level 1 of the Snake Pit
 52742 | Snake:1  | Found a burning altar of Makhleb.
 54505 | Snake:3  | Reached XP level 20. HP: 158/158 MP: 24/24
 54920 | Snake:4  | Entered Level 4 of the Snake Pit
 56073 | Snake:4  | Got a serpentine rune of Zot
 56295 | Snake:4  | Noticed Aizul
 56311 | Snake:4  | Killed Aizul
 56895 | Vaults:1 | Entered Level 1 of the Vaults
 57245 | Vaults:1 | Reached XP level 21. HP: 168/168 MP: 15/25
 58949 | Vaults:2 | Learned a level 1 spell: Summon Butterflies
 59368 | Vaults:2 | Found Fittun's Armour Emporium.
 59701 | Vaults:2 | Found a portal to a secret trove of treasure.
 60046 | Vaults:3 | Found a roughly hewn altar of Beogh.
 60204 | Vaults:3 | Reached XP level 22. HP: 176/176 MP: 23/26
 60471 | Vaults:3 | Found a staircase to the Crypt.
 60471 | Vaults:3 | Found a basalt altar of Yredelemnul.
 60471 | Vaults:3 | Found an ancient bone altar of Kikubaaqudgha.
 60659 | Vaults:3 | Identified the +7 hand axe "Munta" {chop, *Slow rPois
                  | Str+3} (You found it on level 3 of the Vaults)
 60682 | Vaults:3 | Reached skill level 1 in Charms
 61293 | Vaults:3 | Reached skill level 5 in Air Magic
 61423 | Vaults:3 | Learned a level 1 spell: Confusing Touch
 61427 | Vaults:3 | Learned a level 3 spell: Regeneration
 61433 | Vaults:3 | Learned a level 5 spell: Silence
 61440 | Vaults:3 | Learned a level 6 spell: Deflect Missiles
 61828 | Vaults:4 | Reached skill level 1 in Necromancy
 61929 | Vaults:4 | Found a radiant altar of Vehumet.
 62055 | Vaults:4 | Reached skill level 5 in Charms
 63281 | D:6      | Found Hopemp's Book Shoppe.
 63289 | D:6      | Bought a book of Necromancy for 390 gold pieces
 63294 | D:6      | Learned a level 4 spell: Animate Dead
 64641 | Depths:1 | Entered Level 1 of the Depths
 64649 | Depths:1 | Reached skill level 5 in Spellcasting
 64660 | Depths:1 | Reached XP level 23. HP: 182/182 MP: 28/30
 64820 | Depths:1 | Noticed Roikka's ghost (adept KoHu)
 64821 | Depths:1 | Found a runed translucent gate.
 64821 | Depths:1 | Found a runed translucent gate.
 64821 | Depths:1 | Found a runed translucent gate.
 64859 | Depths:1 | Found a viscous altar of Jiyva.
 65421 | Depths:1 | Found Zokat's General Store.
 65427 | Depths:1 | Found a gateway to Hell.
 65432 | Depths:1 | Bought a scroll of teleportation for 36 gold pieces
 65432 | Depths:1 | Bought a potion of curing for 36 gold pieces
 65432 | Depths:1 | Bought a scroll of identify for 24 gold pieces
 65432 | Depths:1 | Bought a scroll of teleportation for 36 gold pieces
 65496 | Depths:1 | Found a one-way gate leading to the halls of Pandemonium.
 65599 | Depths:1 | Found a runed translucent door.
 65970 | Depths:2 | Noticed Nikola
 66009 | Depths:2 | Killed Nikola
 66371 | Depths:2 | Noticed Louise
 66403 | Depths:2 | Noticed Asterion
 66410 | Depths:2 | Killed Louise
 66414 | Depths:2 | Gained mutation: Scrolls take you a little longer to read.
                  | [a cacodemon]
 66415 | Depths:2 | Gained mutation: You are weak. (Str -2) [a cacodemon]
 66426 | Depths:2 | Killed Asterion
 66441 | Depths:2 | Lost mutation: Scrolls take you a little longer to read.
                  | [potion of mutation]
 66441 | Depths:2 | Lost mutation: You are weak. (Str -2) [potion of mutation]
 66441 | Depths:2 | Gained mutation: Your spells are a little harder to cast,
                  | but a little more powerful. [potion of mutation]
 66441 | Depths:2 | Gained mutation: Your flesh is cold resistant. (rC+)
                  | [potion of mutation]
 66470 | Depths:2 | Found a one-way gate to the infinite horrors of the Abyss.
 66691 | Depths:2 | Reached skill level 5 in Necromancy
 66906 | Depths:2 | Found Damaguru's Armour Boutique.
 66972 | Depths:2 | Found a runed translucent gate.
 66972 | Depths:2 | Found a runed translucent gate.
 66972 | Depths:2 | Found a runed translucent gate.
 67044 | Depths:2 | Noticed iamserjio's ghost (veteran OpCK)
 67414 | Depths:2 | Reached skill level 15 in Dodging
 67819 | Depths:2 | Found a viscous altar of Jiyva.
 67928 | Depths:2 | Killed iamserjio's ghost
 68275 | Depths:3 | Reached XP level 24. HP: 189/189 MP: 35/35
 68458 | Depths:3 | Gained mutation: Potions are less effective at restoring
                  | your health. [a cacodemon]
 69667 | Depths:4 | Noticed Mennas
 69690 | Depths:4 | Killed Mennas
 69951 | Depths:4 | Identified the +1 robe of Vitua {+Inv +Fly rElec rF-}
 70011 | Depths:4 | Noticed Frederick
 70020 | Depths:4 | Killed Frederick
 70396 | Depths:4 | Noticed a juggernaut
 70397 | Depths:4 | Noticed a caustic shrike
 70776 | Depths:4 | Killed a caustic shrike
 70831 | Depths:4 | Killed a juggernaut
 70831 | Depths:4 | Reached skill level 5 in Summonings
 70974 | Depths:4 | Identified Yfyabepp's Incunabulum of Earthen Malediction
 71194 | Depths:5 | Entered Level 5 of the Depths
 71205 | Depths:5 | Found a gateway to a ziggurat.
 71331 | Depths:5 | Reached XP level 25. HP: 197/197 MP: 23/36
 71505 | Depths:5 | Noticed Xtahua
 71523 | Depths:5 | Killed Xtahua
 72245 | Depths:5 | Found a gate to the Realm of Zot.
 72416 | Depths:5 | Reached skill level 10 in Spellcasting
 72746 | Depths:2 | Learned a level 5 spell: Aura of Abjuration
 73037 | Orc:2    | Bought a potion of brilliance for 44 gold pieces
 73037 | Orc:2    | Bought a potion of mutation for 88 gold pieces
 73037 | Orc:2    | Bought a potion of mutation for 88 gold pieces
 73037 | Orc:2    | Bought a potion of mutation for 88 gold pieces
 73350 | Vaults:5 | Entered Level 5 of the Vaults
 73601 | Vaults:5 | Identified the ring of Binnonum {+Fly rF+ rN+++ Str-4
                  | Dex+8}
 73851 | Vaults:5 | Identified the ring "Tucoq" {rF+ Dex+3 Stlth+}
 74226 | Vaults:5 | Reached XP level 26. HP: 206/206 MP: 37/37
 74361 | Vaults:5 | Reached skill level 10 in Charms
 74647 | Vaults:5 | Noticed an ancient lich
 74657 | Vaults:5 | Killed an ancient lich
 74856 | Vaults:5 | Reached skill level 1 in Hexes
 74905 | Vaults:5 | Identified the Handbook of Twisted Weightlessness
 74917 | Vaults:5 | Got a silver rune of Zot
 75881 | Shoals:4 | Bought a box of beasts for 700 gold pieces
 75881 | Shoals:4 | Bought a box of beasts for 700 gold pieces
 76364 | Zot:1    | Entered Level 1 of the Realm of Zot
 76517 | Zot:1    | Reached skill level 15 in Polearms
 77326 | Zot:1    | Noticed an orb of fire
 77329 | Zot:1    | Gained mutation: Your body sometimes deteriorates upon
                  | taking damage. [an orb of fire]
 77335 | Zot:1    | Lost mutation: Your body sometimes deteriorates upon taking
                  | damage. [an orb of fire]
 77336 | Zot:1    | Gained mutation: You occasionally shout uncontrollably at
                  | your foes. [an orb of fire]
 77338 | Zot:1    | Gained mutation: You are frail. (-10% HP) [an orb of fire]
 77339 | Zot:1    | Gained mutation: Potions are poor at restoring your health.
                  | [an orb of fire]
 77340 | Zot:1    | Gained mutation: You are very frail. (-20% HP) [an orb of
                  | fire]
 77346 | Zot:1    | Killed an orb of fire
 77346 | Zot:1    | Reached XP level 27. HP: 171/171 MP: 27/38
 77407 | Zot:1    | Lost mutation: Potions are poor at restoring your health.
                  | [potion of mutation]
 77407 | Zot:1    | Lost mutation: You are very frail. (-20% HP) [potion of
                  | mutation]
 77407 | Zot:1    | Lost mutation: Your spells are a little harder to cast, but
                  | a little more powerful. [potion of mutation]
 77407 | Zot:1    | Lost mutation: You are frail. (-10% HP) [potion of
                  | mutation]
 77407 | Zot:1    | Gained mutation: You are resistant to hostile enchantments.
                  | (MR+) [potion of mutation]
 77407 | Zot:1    | Gained mutation: One of your tentacles bears a spike.
                  | [potion of mutation]
 77407 | Zot:1    | Gained mutation: You are somewhat resistant to further
                  | mutation. [potion of mutation]
 78545 | Zot:4    | Reached skill level 10 in Evocations
 79247 | Zot:4    | Learned a level 2 spell: Swiftness
 79251 | Zot:4    | Learned a level 3 spell: Ozocubu's Armour
 79254 | Zot:4    | Learned a level 2 spell: Passwall
 79394 | Zot:4    | Reached skill level 1 in Transmutations
 79394 | Zot:4    | Reached skill level 1 in Earth Magic
 79789 | Zot:5    | Entered Level 5 of the Realm of Zot
 81115 | Zot:5    | Noticed an ancient lich
 81118 | Zot:5    | Noticed an orb of fire
 81121 | Zot:5    | Noticed an orb of fire
 81206 | Zot:5    | Gained mutation: Your magical capacity is low. (-10% MP)
                  | [an orb of fire]
 81215 | Zot:5    | Killed an orb of fire
 81228 | Zot:5    | Killed an orb of fire
 81228 | Zot:5    | Noticed an orb of fire
 81241 | Zot:5    | Gained mutation: Your body sometimes deteriorates upon
                  | taking damage. [an orb of fire]
 81244 | Zot:5    | Killed an orb of fire
 81276 | Zot:5    | Noticed an ancient lich
 81276 | Zot:5    | Noticed an orb of fire
 81285 | Zot:5    | Killed an ancient lich
 81288 | Zot:5    | Killed an ancient lich
 81290 | Zot:5    | Noticed an ancient lich
 81293 | Zot:5    | Noticed an orb of fire
 81305 | Zot:5    | Killed an orb of fire
 81309 | Zot:5    | Killed an ancient lich
 81309 | Zot:5    | Noticed an orb of fire
 81314 | Zot:5    | Gained mutation: Your spells are a little harder to cast,
                  | but a little more powerful. [an orb of fire]
 81324 | Zot:5    | Killed an orb of fire
 81341 | Zot:5    | Killed an orb of fire
 81471 | Zot:5    | Noticed an orb of fire
 81483 | Zot:5    | Gained mutation: You are clumsy. (Dex -2) [an orb of fire]
 81494 | Zot:5    | Killed an orb of fire
 81514 | Zot:5    | Noticed an orb of fire
 81538 | Zot:5    | Gained mutation: Your body often deteriorates upon taking
                  | damage. [an orb of fire]
 81539 | Zot:5    | Killed an orb of fire
 81640 | Zot:5    | Noticed an ancient lich
 81649 | Zot:5    | Killed an ancient lich
 82138 | Zot:5    | Noticed an orb of fire
 82158 | Zot:5    | Killed an orb of fire
 82158 | Zot:5    | Reached skill level 15 in Evocations
 82171 | Zot:5    | Noticed an ancient lich
 82180 | Zot:5    | Killed an ancient lich
 82224 | Zot:5    | Noticed an ancient lich
 82238 | Zot:5    | Killed an ancient lich
 83373 | Zot:5    | Lost mutation: You occasionally shout uncontrollably at
                  | your foes. [potion of mutation]
 83373 | Zot:5    | Lost mutation: Your body often deteriorates upon taking
                  | damage. [potion of mutation]
 83374 | Zot:5    | Lost mutation: Your flesh is cold resistant. (rC+) [potion
                  | of mutation]
 83374 | Zot:5    | Lost mutation: Your magical capacity is low. (-10% MP)
                  | [potion of mutation]
 83374 | Zot:5    | Lost mutation: You are resistant to hostile enchantments.
                  | (MR+) [potion of mutation]
 83377 | Zot:5    | Got the Orb of Zot
 84062 | D:$      | Escaped with the Orb!

Levels and vault maps discovered:
D:1:      roderic_octagonal_star, layout_basic, columned_hall_lemuel
D:2:      layout_basic, first_ration, uniq_crazy_yiuf_cottage, uniq_robin
D:3:      layout_loops_corners
D:4:      layout_rooms, hangedman_ru_absence
D:5:      layout_loops_cross, evilmike_ruin_ashenzari
D:6:      layout_gridville, minmay_temple_entry_stoned_glass, serial_shops,
          nicolae_shop_temple_entry_statues_fountains
D:7:      cheibrodos_fzero, layout_basic, biasface_ghost_orc_armoury,
          grunt_tough_drop, uniq_joseph
D:8:      layout_rooms, serial_shops, nicolae_shop_crystal
D:9:      layout_cave_pods, elyvilon_altar_1, lair_entry_dummy,
          hiddenorc1_lemuel, hangedman_pestilent_swarm,
          roderic_nine_men_s_morris, uniq_gastronok, uniq_erica
D:10:     layout_stronghold, okawaru_humans
D:11:     layout_long_grid, uniq_erolcha
D:12:     layout_basic, bh_circular_ruins
D:13:     layout_stronghold, erik_vaults_2, basic_altar
D:14:     layout_loops_ring, hangedman_decor_points
D:15:     hangedman_depths_entry_try_elsewhere_first, layout_basic, uniq_agnes
Temple:   minmay_crystal_snake_temple
Lair:1:   layout_small_grid
Lair:2:   cheibrodos_lair_overgrown_chateau, layout_gridlike,
          elwin_shoals_entry_rooms, minmay_snake_entry_guardpost_small,
          portal_ice_cave_entry_imps, st_stairs_9
Lair:3:   layout_long_grid
Lair:4:   layout_regular_city, pf_torpor_hydra, uniq_sonja
Lair:5:   layout_cave_pods
Lair:6:   evilmike_catoblepas_cave, layout_hall_layers,
          minmay_slime_entry_jelly_boxes
Shoals:1: layout_shoals, serial_shops, shop, ebering_ghost_xom,
          lemuel_centaur_altar
Shoals:2: gammafunk_the_bubble [the_bubble_gammafunk_crates], layout_shoals,
          uniq_polyphemus, uniq_ilsuiw
Shoals:3: layout_shoals, serial_shops, nicolae_shop_statue_plus, shop_coins,
          ebering_ghost_reflecting_pool
Shoals:4: shoals_end_grunt_garden, layout_shoals, serial_shops, shop_statue,
          yaktaur_hedge
Snake:1:  layout_gridlike, serial_bayou_pond_e, lemuel_oklob_altar
Snake:2:  layout_honeycomb
Snake:3:  layout_rooms, st_stairs_13, grunt_megastairs_4
Snake:4:  snake_pit_salamanders_mu, layout_cave_town, uniq_aizul
Orc:1:    layout_caves
Orc:2:    st_orc_open, layout_caves
Elf:1:    eino_elf_arrival_altar, layout_geoelf_grid, minmay_elf_demonology
Elf:2:    layout_loops_cross, serial_shops, shop, uniq_roxanne
Elf:3:    minmay_elf_hall_curves, layout_rooms, billiards_dpeg, uniq_bai_suzhen
Vaults:1: hangedman_vaults_stretched_pinwheel, v_pattern_5, vaults_room_pool,
          ontoclasm_vaults_gateway, nicolae_vaults_border_crossing,
          nicolae_vaults_puzzle_piece, v_alt_pattern_2,
          nicolae_vaults_diagonal_hallway_6, nicolae_vaults_little_squares_2,
          vaults_standard_mumra_enter_the_diamond, hangedman_vaults_variations,
          v_misc_13, vaults_room_pools, grunt_vaults_hallway_long,
          layout_vaults_omnicross
Vaults:2: v_misc_4, vaults_room_pools, hangedman_vaults_stagger, v_pattern_1,
          layout_vaults_omnigrid, serial_shops, shop,
          nicolae_trove_entry_diagonal
Vaults:3: nicolae_vaults_disjoint_gnomons, minmay_crypt_entry_necro_gods,
          hangedman_vaults_stream, nicolae_vaults_triangles,
          grunt_vaults_twisty, nicolae_vaults_little_squares_1,
          vaults_mumra_minichess, special_room_vaults [special_room_orc],
          v_alt_pattern_6, layout_vaults_omnibox
Vaults:4: hangedman_vaults_hat, vaults_standard_mumra_lines, v_misc_16,
          vaults_mumra_minichess_inversion, nicolae_vaults_twisting_passages,
          ontoclasm_vaults_ligature, vaults_mumra_chevron,
          ontoclasm_vaults_spin, vaults_dpeg_spiral, st_spiral_rooms, v_misc_27,
          nicolae_vaults_specimen_jars, nicolae_vaults_little_squares_3,
          vaults_room_hallway, vaults_dpeg_hooks, layout_vaults_ring,
          basic_altar
Vaults:5: serial_shops
Depths:1: layout_basic, gammafunk_ghost_ooze, serial_shops,
          nicolae_shop_waterfront, hell_entry, solitary_fountain,
          rand_demon_pan_entry_1, grunt_ministairs_7, kennysheep_small_spiral,
          st_stairs_10, chequers_serial_rivers_room_b, wad_hexagon
Depths:2: four-leaf_vault, layout_basic, gammafunk_ghost_ooze,
          nicolae_abyss_entry_one_way_or_another, hell_entry,
          kennysheep_another_room, serial_shops, shop_fountains, uniq_nikola,
          uniq_asterion
Depths:3: minmay_angry_zag, layout_gridlike, pan_entry,
          chequers_serial_rivers_micro_c, lightli_too_deep, serial_aquarium,
          aquarium_bridge_square [aquarium_subvault_wall,
          aquarium_subvault_balcony, aquarium_subvault_wall,
          aquarium_subvault_bridge], aquarium_window_fake, aquarium_window_fake,
          aquarium_view_2f, aquarium_balcony_5b, aquarium_pool_four,
          hangedman_devilish_allure, firewood_loft
Depths:4: cross_vault, layout_gridlike, minmay_room_of_horrors, hell_entry,
          rand_demon_pan_entry_3, serial_bayou_pond_a, uniq_mennas,
          uniq_frederick
Depths:5: grunt_zot_entry_gee_three, layout_cave_shapes, enter_ziggurat_f,
          pf_hell_entry_tar_river, minmay_crystal_water,
          statue_in_the_mist_lemuel, st_stairs_4, uniq_xtahua
Zot:1:    lemuel_firehouse, layout_onion_interference
Zot:2:    layout_onion_interference
Zot:3:    layout_misc_corridors, chequers_guarded_unrand_mask_of_the_dragon
Zot:4:    layout_onion_interference, zot_minivault_2
Zot:5:    layout_basic
Abyss:2
Abyss:3:  hangedman_abyss_or_decor_jellyfish_corner,
          dshaligram_kb_abyss_rune_zappy_water_cross,
          serial_sigils_hangedman_gut
IceCv:    ice_cave_statue_garden_transporter

Skill      XL: |  1  2  3  4  5  6  7  8  9 10 11 12 13 14 15 16 17 18 19 20 21 22 23 24 25 26 27 |
---------------+----------------------------------------------------------------------------------+-----
Fighting       | 2 3 4 5 7 8 9 11 12 14 16 18 19 21 22 23 24 | 24.0
Dodging        | 1 2 4 7 9 11 12 13 16 18 | 18.0
Shields        | 1 2 4 6 7 11 15 16 17 18 19 21 22 23 24 | 24.5
Summonings     | 2 5 |  5.2
Air Magic      | 2 6 7 |  7.0
Spellcasting   | 3 5 8 9 10 11 | 11.1
Polearms       | 6 9 10 12 13 14 15 19 | 19.2
Invocations    | 2 4 |  4.0
Evocations     | 2 6 8 16 | 16.6
Translocations | 3 |  3.0
Charms         | 6 7 9 10 | 10.0
Necromancy     | 2 5 |  5.0
Hexes          | 2 |  2.0
Transmutations | 4 |  4.0
Earth Magic    | 4 |  4.0
Maces & Flails | |  2.0
Stealth        | |  2.6
Conjurations   | |  1.0

Action                   |  1- 3 |  4- 6 |  7- 9 | 10-12 | 13-15 | 16-18 | 19-21 | 22-24 | 25-27 || total
-------------------------+-------+-------+-------+-------+-------+-------+-------+-------+-------++-------
Melee: Dagger            |    19 |    29 |       |       |       |       |       |       |       ||    48
       Tentacles         |     5 |    20 |    49 |   127 |   322 |   310 |   566 |   694 |   799 ||  2892
       Constrict         |     5 |    20 |    47 |    84 |   112 |   154 |   165 |   126 |   186 ||   899
       Unarmed           |     8 |       |       |       |       |       |       |       |       ||     8
       Quarterstaff      |       |    91 |   229 |    21 |       |       |       |       |       ||   341
       Halberd           |       |       |       |   629 |   395 |       |       |       |       ||  1024
       Trident           |       |       |       |       |   729 |       |       |       |       ||   729
       Demon trident     |       |       |       |       |   261 |  1530 |  1702 |  1903 |  1761 ||  7157
       Trishula          |       |       |       |       |       |       |       |       |   414 ||   414
       Kick              |       |       |       |       |       |       |       |       |   499 ||   499
 Fire: Shortbow          |    93 |       |       |       |       |       |       |       |       ||    93
Throw: Throwing net      |       |       |       |       |       |       |       |       |     1 ||     1
 Cast: Blink             |       |       |       |     1 |     1 |       |     1 |     1 |     2 ||     6
       Shroud of Golubri |       |       |       |       |     1 |       |       |       |       ||     1
       Passwall          |       |       |       |       |       |     1 |       |       |     2 ||     3
       Regeneration      |       |       |       |       |       |       |       |       |    13 ||    13
       Animate Dead      |       |       |       |       |       |       |       |       |     1 ||     1
       Deflect Missiles  |       |       |       |       |       |       |       |       |     5 ||     5
Invok: Reject Sacrifices |       |       |     1 |       |       |       |       |       |       ||     1
       Minor Destruction |       |       |       |     7 |       |       |       |       |       ||     7
       Lesser Servant of |       |       |       |     4 |    21 |    12 |     6 |     4 |     4 ||    51
Evoke: Wand              |       |       |     3 |    11 |    37 |    27 |       |     1 |    17 ||    96
       Lamp of fire      |       |       |       |       |       |       |     1 |     1 |       ||     2
       Box of beasts     |       |       |       |       |       |       |       |       |     4 ||     4
  Use: Potion            |     1 |       |       |     5 |     2 |     4 |     1 |     1 |    11 ||    25
       Scroll            |       |     1 |     6 |    18 |    11 |    23 |     8 |    20 |    17 ||   104
 Stab: Sleeping          |       |     8 |     5 |    15 |    18 |    23 |    43 |    25 |     7 ||   144
       Paralysed         |       |     1 |     3 |       |     3 |     5 |       |       |       ||    12
       Distracted        |       |       |     3 |     2 |     3 |    14 |     8 |     7 |    12 ||    49
       Petrifying        |       |       |     1 |       |       |       |       |       |       ||     1
       Invisible         |       |       |       |     3 |       |       |       |       |       ||     3
       Held in net/web   |       |       |       |       |       |       |       |       |     3 ||     3
  Eat: Chunk             |     3 |    10 |    10 |    17 |    24 |    23 |    15 |    23 |    16 ||   141
       Ration            |       |       |     2 |     7 |     8 |     5 |     6 |     4 |     9 ||    41
Armor: Skin              |    21 |     4 |     8 |    80 |    85 |    11 |     7 |    14 |    22 ||   252
Dodge: Dodged            |    59 |    56 |   180 |   548 |   634 |   361 |   376 |   437 |   695 ||  3346
       Deflected         |       |       |       |       |       |       |       |       |    21 ||    21
Block: Large shield      |       |       |       |       |   697 |  1109 |  1319 |  1403 |  1811 ||  6339

Table legend:
 A = Non-vault XP
 B = Vault XP
 C = Vault XP percentage of total XP
 D = Non-vault monster count
 E = Vault monster count
 F = Vault count percentage of total count
                 A         B        C        D         E       F
            +---------+---------+-------+---------+---------+-------
      Total |  797908 |  841748 |  51.3 |    1480 |     846 |  36.4
            +---------+---------+-------+---------+---------+-------
        D:1 |      36 |       4 |  10.0 |      21 |       2 |   8.7
        D:2 |      43 |      75 |  63.6 |      18 |      11 |  37.9
        D:3 |     128 |       0 |   0.0 |      26 |       0 |   0.0
        D:4 |     411 |       0 |   0.0 |      11 |       0 |   0.0
        D:5 |     578 |       0 |   0.0 |      19 |       0 |   0.0
        D:6 |    1296 |     662 |  33.8 |      36 |       1 |   2.7
        D:7 |     922 |    1571 |  63.0 |      19 |      29 |  60.4
        D:8 |    2236 |     156 |   6.5 |      23 |      10 |  30.3
        D:9 |    2768 |    3477 |  55.7 |      28 |      13 |  31.7
       D:10 |    1124 |     409 |  26.7 |      15 |       2 |  11.8
       D:11 |    3267 |     791 |  19.5 |      34 |       1 |   2.9
       D:12 |    4243 |      42 |   1.0 |      23 |       2 |   8.0
       D:13 |    7471 |    7878 |  51.3 |      37 |       8 |  17.8
       D:14 |   15268 |     873 |   5.4 |      49 |       1 |   2.0
       D:15 |   10502 |    2750 |  20.8 |      32 |       4 |  11.1
     Lair:1 |    1378 |       0 |   0.0 |       8 |       0 |   0.0
     Lair:2 |    5914 |    5228 |  46.9 |      25 |      33 |  56.9
     Lair:3 |    1479 |       0 |   0.0 |      10 |       0 |   0.0
     Lair:4 |    1913 |    1952 |  50.5 |      10 |       3 |  23.1
     Lair:5 |    3508 |     600 |  14.6 |      10 |       1 |   9.1
     Lair:6 |    8785 |    9747 |  52.6 |      28 |      36 |  56.2
   Shoals:1 |   11507 |     438 |   3.7 |      25 |       4 |  13.8
   Shoals:2 |   20519 |   15649 |  43.3 |      37 |      23 |  38.3
   Shoals:3 |   26709 |    2650 |   9.0 |      52 |       2 |   3.7
   Shoals:4 |   14462 |   21350 |  59.6 |      38 |      34 |  47.2
    Snake:1 |    9521 |     535 |   5.3 |      17 |       1 |   5.6
    Snake:2 |   12718 |       0 |   0.0 |      24 |       0 |   0.0
    Snake:3 |   15928 |    3875 |  19.6 |      27 |       7 |  20.6
    Snake:4 |    7990 |   49167 |  86.0 |      18 |      66 |  78.6
      Orc:1 |    1687 |    1648 |  49.4 |      29 |       2 |   6.5
      Orc:2 |    2117 |   13853 |  86.7 |      28 |      35 |  55.6
      Elf:1 |   12035 |    7943 |  39.8 |      19 |      13 |  40.6
      Elf:2 |   10798 |    1826 |  14.5 |      19 |       2 |   9.5
      Elf:3 |   21648 |   52876 |  71.0 |      36 |      36 |  50.0
   Vaults:1 |   54148 |   25447 |  32.0 |      96 |      34 |  26.2
   Vaults:2 |   24041 |    5990 |  19.9 |      35 |       7 |  16.7
   Vaults:3 |   41262 |   39859 |  49.1 |      65 |      62 |  48.8
   Vaults:4 |    5729 |   44620 |  88.6 |       8 |      59 |  88.1
   Vaults:5 |   40987 |  115430 |  73.8 |      69 |      81 |  54.0
   Depths:1 |   27715 |   10674 |  27.8 |      39 |      18 |  31.6
   Depths:2 |   32762 |   39006 |  54.4 |      53 |      26 |  32.9
   Depths:3 |   36716 |   16989 |  31.6 |      39 |      26 |  40.0
   Depths:4 |   36913 |   41377 |  52.9 |      39 |      28 |  41.8
   Depths:5 |   38403 |   36884 |  49.0 |      38 |      26 |  40.6
      Zot:1 |   56575 |   23414 |  29.3 |      37 |      32 |  46.4
      Zot:3 |    1240 |       0 |   0.0 |       1 |       0 |   0.0
      Zot:4 |   92786 |   29251 |  24.0 |      57 |      14 |  19.7
      Zot:5 |   50851 |  203181 |  80.0 |      25 |      43 |  63.2
    Abyss:3 |   16871 |       0 |   0.0 |      28 |       0 |   0.0
      IceCv |       0 |    1601 | 100.0 |       0 |       8 | 100.0
            +---------+---------+-------+---------+---------+-------
